 Dungeon Crawl Stone Soup version 0.27.0-1-g7a089689b8 (webtiles) character file.

Game seed: 6996111067157699365

108 sanka the Gusty (level 4, 0/21 HPs)
             Began as a Vine Stalker Venom Mage on Aug 8, 2021.
             Was an Initiate of Gozag.
             Killed from afar by Sigmund (5 damage)
             ... with a puff of flame
             ... on level 2 of the Dungeon.
             The game lasted 00:07:20 (4218 turns).

sanka the Gusty (Vine Stalker Venom Mage)           Turns: 4218, Time: 00:07:20

Health: 0/21       AC:  2    Str: 11    XL:     4   Next: 87%
Magic:  0/9        EV: 12    Int: 15    God:    Gozag
Gold:   214        SH:  0    Dex: 15    Spells: 6/9 levels left

rFire    . . .     SeeInvis +   e - +0 short sword
rCold    . . .     Faith    .   (no shield)
rNeg     . . .     Spirit   +   a - +0 robe
rPois    .         Reflect  .   (no helmet)
rElec    .         Harm     .   (no cloak)
rCorr    .         Rampage  .   (no gloves)
Will     .....                  (no boots)
Stlth    +.........             (no amulet)
HPRegen  1.07/turn              (no ring)
MPRegen  0.11/turn              h - ring of see invisible

@: confused, attractive
A: fangs 2, regeneration 1, magic shield, antimagic bite, no potion heal 2
a: Renounce Religion, Potion Petition, Call Merchant, Bribe Branch


You were on level 2 of the Dungeon.
You worshipped Gozag.
Gozag was aware of your devotion.
You visited 1 branch of the dungeon, and saw 2 of its levels.

You collected 214 gold pieces.


Innate Abilities, Weirdness & Mutations

You have extremely sharp teeth.
Your natural rate of healing is unusually fast.
When hurt, damage is shared between your health and your magic reserves.
Your bite disrupts and absorbs the magic of your enemies.
Potions cannot restore your health.


   Skills:
 + Level 0.6 Fighting
 + Level 1.8 Dodging
 - Level 2.4 Stealth
 - Level 3.0 Spellcasting
 - Level 1.0 Transmutations
 + Level 3.2 Air Magic
 + Level 3.2 Poison Magic


You had 6 spell levels left.
You knew the following spells:

 Your Spells              Type           Power      Damage    Failure   Level
y - Poisonous Vapours     Pois/Air       22%        N/A       9%          2
z - Sting                 Tmut/Pois      32%        1d4       9%          1

Your spell library contained the following spells:

 Spells                   Type           Power      Damage    Failure   Level
 Mephitic Cloud           Conj/Pois/Air  8%         N/A       26%         3
 Olgreb's Toxic Radiance  Pois           11%        N/A       47%         4

Inventory:

Hand Weapons
 e - a +0 short sword (weapon)
Armour
 a - a +0 robe (worn)
Magical Staves
 g - a staff of earth
Jewellery
 h - a ring of see invisible (right hand)
Scrolls
 b - a scroll of silence {unknown}
 d - 4 scrolls of teleportation {unknown}
 i - 3 scrolls of fear {unknown}
Potions
 c - a potion of might {unknown}
 f - a potion of heal wounds {unknown}
 k - a potion of degeneration {unknown}

Dungeon Overview and Level Annotations

Branches:
Dungeon (2/15)

Altars:
Gozag

Shops:
D:1 :=(   D:2 *

Annotations:
D:2 Sigmund

▒▒▒.▒.▒▒...▒▒▒...▒▒▒▒▒▒▒
........................
▒▒▒.▒▒.▒▒.▒▒▒▒.▒.▒▒▒▒▒▒▒
▒ ▒.▒▒.▒▒.▒ ▒.▒.▒ ▒▒▒
▒▒▒ ▒▒▒.▒▒.▒▒.▒ ▒.▒.▒ ..
..▒
....▒▒.▒▒.▒▒▒▒.▒.▒▒.▒
▒.▒
▒▒▒▒▒▒.▒▒.........▒.▒
▒.▒
........▒..▒▒▒.▒.▒@.▒
▒.▒
...........▒▒...f...▒
▒.▒
▒▒▒▒....▒▒.▒▒▒.▒.▒.▒▒
▒▒▒▒▒.▒ ▒▒▒▒.▒.▒▒▒.▒
▒▒...▒▒ ▒......
▒....▒.▒▒▒.▒▒▒▒▒.▒▒
▒.▒▒▒.▒
▒.▒▒▒▒...........▒ ▒.▒
▒.▒ ▒.▒ ▒▒▒▒▒.▒▒▒▒▒▒▒
▒.▒ ▒.▒ ▒.▒ ▒∩▒ ▒.▒ ▒.▒
▒.▒ ▒.▒ ▒.▒▒▒.▒ ▒.▒ ▒.▒
▒.▒▒...


You could see Sigmund (poisoned).


Message History

Aiming: Poisonous Vapours (safe; 9% risk of failure)
Aim: Sigmund, wielding a +0 scythe and wearing a +0 robe (lightly wounded, poisoned) Poisonous vapours surround Sigmund!
Sigmund looks even sicker.
Sigmund gestures at you while chanting.
You are confused.
You're too confused to cast spells.
You bump into the rock wall.
Sigmund hits you with a +0 scythe!
Ouch! That really hurt!
* * * LOW HITPOINT WARNING * * *
You bump into the rock wall.
Sigmund hits you with a +0 scythe.
* * * LOW HITPOINT WARNING * * *
Unknown command.
Sigmund gestures at you while chanting. The magic dart hits you!
* * * LOW HITPOINT WARNING * * *
Unknown command.
Unknown command.
It was a potion of attraction.
You feel attractive to monsters. Sigmund closely misses you.
Sigmund is pulled toward you!
You bump into the rock wall.
Sigmund misses you. Sigmund casts a spell at you. The puff of flame hits you.
You die...
Your body crumbles into a pile of gold.

Action                   |  1- 3 |  4- 6 || total
-------------------------+-------+-------++-------
Melee: Unarmed           |    12 |       ||    12
       Bite              |     3 |     1 ||     4
       Short sword       |     6 |     2 ||     8
 Cast: Sting             |    91 |    29 ||   120
       Poisonous Vapours |     2 |     4 ||     6
  Use: Potion            |       |     1 ||     1
Armor: Robe              |    12 |     2 ||    14
Dodge: Dodged            |    43 |     9 ||    52

Levels and vault maps discovered:
D:1:      dpeg_arrival_short_road, layout_basic, serial_shops,
          nicolae_shop_waterfront, shop, nicolae_shop_waterfront,
          ebering_ecumenical_altar_rust, st_stairs_4
D:2:      layout_loops_ring, serial_shops, shop, basic_altar, roderic_lattice_a,
          uniq_sigmund

Notes
Turn   | Place    | Note
-------+----------+-------------------------------------------
     0 | D:1      | sanka the Vine Stalker Venom Mage began the quest for the
                  | Orb.
     0 | D:1      | Reached XP level 1. HP: 9/9 MP: 4/4
   143 | D:1      | Reached XP level 2. HP: 13/13 MP: 1/6
   214 | D:1      | Reached skill level 3 in Spellcasting
   286 | D:1      | Learned a level 2 spell: Poisonous Vapours
   349 | D:1      | Found Owinop's Weapon Emporium.
   522 | D:1      | Found Latz's Jewellery Shop.
   807 | D:1      | Reached skill level 1 in Air Magic
  1052 | D:1      | Reached XP level 3. HP: 15/16 MP: 4/8
  1324 | D:1      | Found Botyr's Book Shop.
  1388 | D:1      | Reached skill level 2 in Air Magic
  1753 | D:1      | Found a faded altar of an unknown god.
  2183 | D:1      | Became a worshipper of Gozag Ym Sagoz the Greedy
  2273 | D:1      | Gained mutation: Your natural rate of healing is unusually
                  | fast. [Vine Stalker growth]
  2273 | D:1      | Reached XP level 4. HP: 14/21 MP: 3/9
  2500 | D:1      | Found Latz's Jewellery Shop.
  2512 | D:1      | Found an opulent altar of Gozag.
  2660 | D:1      | Found Owinop's Weapon Emporium.
  3179 | D:1      | Found Botyr's Book Shop.
  3298 | D:2      | Found Etoant's Assorted Antiques.
  3426 | D:2      | Reached skill level 3 in Air Magic
  3811 | D:2      | Found an opulent altar of Gozag.
  4210 | D:2      | Noticed Sigmund
  4215 | D:2      | HP: 2/21 [Sigmund/magic dart (7)]
  4218 | D:2      | Killed from afar by Sigmund

Vanquished Creatures
  A hound (D:2)
  An adder (D:1)
  A worm (D:2)
  3 dart slugs (D:2)
  4 ball pythons
  5 bats (D:1)
  7 endoplasms
  A giant cockroach (D:1)
  2 goblins
  3 hobgoblins
  10 jackals (D:1)
  2 quokkas (D:1)
  3 frilled lizards (D:1)
  9 kobolds
  2 rats (D:1)
54 creatures vanquished.
